 Dungeon Crawl Stone Soup version 0.29-a0-284-gf9362112df (webtiles) character file.

Game seed: 5125145174555993161

2694 rabbitsville the Zephyrmancer (level 9, -2/74 HPs)
             Began as an Ogre Air Elementalist on Mar 24, 2022.
             Was an Elder of Dithmenos.
             Slain by a kobold brigand
             ... wielding a +0 war axe
              (8 damage)
             ... in a bailey on Mar 25, 2022.
             The game lasted 00:35:53 (9515 turns).

rabbitsville the Zephyrmancer (OgAE)                Turns: 9515, Time: 00:35:58

Health: -2/74      AC:  7    Str: 14    XL:     9   Next: 65%
Magic:  13/21      EV: 10    Int: 20    God:    Dithmenos [****..]
Gold:   377        SH:  0    Dex: 15    Spells: 17/24 levels left

rFire   + . .      SeeInvis .   y - +4 scythe (protect)
rCold   . . .      Faith    .   (shield currently unavailable)
rNeg    + . .      Spirit   .   D - +1 robe "Fokkorim" {rF+ rCorr}
rPois   .          Reflect  .   (helmet restricted)
rElec   .          Harm     .   v - +2 cloak
rCorr   +          Rampage  .   (gloves unavailable)
Will    .....                   (boots unavailable)
Stlth   +++.......              (no amulet)
HPRegen 0.22/turn               c - ring of positive energy
MPRegen 0.17/turn               w - +6 ring of dexterity

@: lethally poisoned (-2 -> -10), wreathed by umbra
A: large, unfitting armour, tough skin 1
a: Renounce Religion, Shadow Step


You were in a bailey.
You worshipped Dithmenos.
Dithmenos was greatly pleased with you.
You visited 1 branch of the dungeon, and saw 8 of its levels.
You also visited: Bailey.

You collected 416 gold pieces.
You spent 39 gold pieces at shops.

Inventory:

Hand Weapons
 h - a +0 club
 o - a +1 dagger
 x - a +2 flail of venom
 y - a +4 scythe of protection (weapon)
Missiles
 F - a throwing net
Armour
 a - a +0 robe
 v - a +2 cloak (worn)
 D - the +1 robe "Fokkorim" (worn) {rF+ rCorr}
   (You found it on level 5 of the Dungeon)

   rF:        It protects you from fire.
   rCorr:     It protects you from acid and corrosion.
Jewellery
 c - a ring of positive energy (left hand)
 l - a ring of resist corrosion
 n - a ring of protection from fire
 w - a +6 ring of dexterity (right hand)
 H - a ring of positive energy
Wands
 u - a wand of polymorph (10)
 z - a wand of digging (5)
 G - a wand of iceblast (10)
Scrolls
 e - 3 scrolls of teleportation {unknown}
 i - a scroll of enchant armour {unknown}
 j - 3 scrolls of enchant weapon
 k - 2 scrolls of amnesia {unknown}
 m - 2 scrolls of torment {unknown}
 p - 2 scrolls of immolation {unknown}
 q - a scroll of silence {unknown}
 r - 2 scrolls of identify {unknown}
 A - 2 scrolls of blinking {unknown}
 C - a scroll of vulnerability {unknown}
 E - a scroll of magic mapping {unknown}
Potions
 b - 2 potions of magic
 d - 2 potions of cancellation {unknown}
 f - 3 potions of attraction {unknown}
 g - 2 potions of curing
 s - a potion of might {unknown}
 t - a potion of mutation {unknown}
 B - a potion of flight {unknown}


   Skills:
 - Level 1.7 Dodging
 - Level 1.4 Stealth
 + Level 8.0 Spellcasting
 - Level 3.6 Conjurations
 + Level 1.4 Transmutations
 * Level 9.5 Air Magic


You had 17 spell levels left.
You knew the following spells:

 Your Spells              Type           Power      Damage    Failure   Level
a - Shock                 Conj/Air       100%       1d9       1%          1
b - Static Discharge      Conj/Air       34%        N/A       1%          2
c - Airstrike             Air            23%        N/A       1%          4

Your spell library contained the following spells:

 Spells                   Type           Power      Damage    Failure   Level
 Swiftness                Air            46%        N/A       1%          3
 Summon Lightning Spire   Summ/Air       27%        N/A       12%         4
 Ozocubu's Armour         Ice            8%         N/A       26%         3
 Portal Projectile        Hex/Tloc       16%        N/A       26%         3
 Blade Hands              Tmut           6%         N/A       78%         5
 Excruciating Wounds      Necr           4%         N/A       93%         5
 Metabolic Englaciation   Hex/Ice        4%         N/A       93%         5
 Simulacrum               Ice/Necr       4%         N/A       100%        6
 Storm Form               Tmut/Air       15%        N/A       100%        7
 Maxwell's Capacitive Co  Air            23%        ∞         100%        8


Dungeon Overview and Level Annotations

Branches:
Dungeon (8/15)             Temple (0/1) D:7          Bailey (1/1)
   Lair: D:8-11

Altars:
Dithmenos
Elyvilon
Okawaru
Qazlal
Trog
Uskayaw
Xom

Shops:
D:3 !   D:4 ?

Annotations:
D:4 exclusion: endoplasm, Dowan, Duvessa


Innate Abilities, Weirdness & Mutations

You are too large for most types of armour.
You have tough skin. (AC +1)


Message History

The poisoned dart hits you!
You are more poisoned.
Reach: y) +4 scythe (protect)
Press: ? - help, Dir - move target, f - kobold brigand
Aim: a kobold brigand, wielding a +0 war axe and quivering poisoned darts (severely wounded, umbra, about 55% to evade your +4 scythe of protection)
You reach to attack!
You hit the kobold brigand but do no damage.
Your weapon exudes an aura of protection.
The kobold brigand is severely wounded.
Your shadow barely misses the kobold brigand.
You feel extremely sick.
The kobold brigand throws a poisoned dart.
The poisoned dart closely misses you.
The kobold brigand throws a poisoned dart.
The poisoned dart hits you!
You are more poisoned.
Casting: Static Discharge (safe; 1% risk of failure)
Press: ? - help, Q - select action, (/) - cycle Dir - look around, f - activate The kobold brigand is struck by an arc of lightning.
You kill the kobold brigand!
Dithmenos accepts your kill.
The kobold brigand is struck by an arc of lightning!
The kobold brigand is severely wounded.
You are struck by an arc of lightning.
The lightning grounds out.
The kobold brigand is struck by an arc of lightning!
The kobold brigand is almost dead.
The lightning grounds out.
You feel very sick. The kobold brigand barely misses you.
Your Spellcasting skill increases to level 8!
Okay, then.
You closely miss the kobold brigand.
The kobold brigand is almost dead.
* * * LOW HITPOINT WARNING * * *
You feel very sick.
The kobold brigand hits you with a +0 war axe!
* * * LOW HITPOINT WARNING * * *
The kobold brigand hits you with a +0 war axe!
You die...

#######
##.....##
#...∩...#
#@K.....#
##)(∩(.##
##(''##
#().#
#...#
#...#
#.(.#
...(.
......


You could see a kobold brigand.

Vanquished Creatures
  A hornet (D:8)
  Sigmund (D:4)
  A steam dragon (D:6)
  A water moccasin (D:5)
  2 black bears
  2 sky beasts
  2 ice beasts (D:6)
  A centaur (D:5)
  2 kobold brigands (Bailey)
  The ghost of n8rtot the Conjurer, an amateur DECj of Dithmenos (D:3)
  2 necrophages
  3 scorpions (D:5)
  3 quasits (D:3)
  2 orc priests
  A gnoll shaman (D:7)
  3 hounds
  Terence (D:3)
  An iguana (D:4)
  13 orc wizards
  5 gnolls (D:7)
  7 adders
  A shadow imp (D:6)
  2 white imps (D:7)
  3 worms
  2 dart slugs
  16 orcs
  4 ball pythons
  A bat (D:1)
  6 endoplasms
  7 giant cockroaches
  12 goblins
  11 hobgoblins
  6 jackals
  19 kobolds
  5 quokkas
  A frilled lizard (D:1)
  4 rats (D:1)
155 creatures vanquished.

Vanquished Creatures (others)
  A kobold brigand (D:6)
1 creature vanquished.

Grand Total: 156 creatures vanquished

Notes
Turn   | Place    | Note
-------+----------+-------------------------------------------
     0 | D:1      | rabbitsville the Ogre Air Elementalist began the quest for
                  | the Orb.
     0 | D:1      | Reached XP level 1. HP: 16/16 MP: 3/3
    52 | D:1      | Found a faded altar of an unknown god.
    55 | D:1      | Prayed at the altar of an unknown god.
    55 | D:1      | Became a worshipper of Dithmenos the Shadowed
    55 | D:1      | Reached * piety under Dithmenos
   238 | D:1      | Reached skill level 3 in Air Magic
   291 | D:1      | Reached XP level 2. HP: 18/24 MP: 0/5
   936 | D:1      | Reached XP level 3. HP: 31/31 MP: 1/7
  1229 | D:2      | Reached ** piety under Dithmenos
  2028 | D:2      | Reached XP level 4. HP: 39/39 MP: 5/9
  2072 | D:2      | Reached skill level 4 in Air Magic
  2579 | D:3      | Found a transporter.
  2597 | D:3      | Found Zowommedgh's Distillery.
  2605 | D:3      | Bought a potion of curing for 39 gold pieces
  2968 | D:3      | Noticed n8rtot's ghost (amateur DECj)
  3035 | D:3      | Reached XP level 5. HP: 45/45 MP: 2/10
  3188 | D:3      | Noticed Terence
  3234 | D:3      | Killed Terence
  3396 | D:3      | Found a transporter.
  3526 | D:3      | HP: 2/45 [quasit (1)]
  3531 | D:3      | Reached skill level 5 in Air Magic
  3861 | D:3      | Learned a level 2 spell: Static Discharge
  3899 | D:3      | Reached skill level 1 in Conjurations
  3899 | D:3      | Reached XP level 6. HP: 46/53 MP: 5/12
  3904 | D:3      | Killed n8rtot's ghost
  4122 | D:4      | Noticed Sigmund
  4150 | D:4      | Killed Sigmund
  4151 | D:4      | Reached XP level 7. HP: 10/59 MP: 1/14
  4157 | D:4      | Reached skill level 5 in Spellcasting
  4157 | D:4      | Reached skill level 6 in Air Magic
  4432 | D:4      | Found a hide-covered altar of Uskayaw.
  4507 | D:4      | Found Houluc's Magic Scroll Boutique.
  4763 | D:4      | Reached *** piety under Dithmenos
  4876 | D:4      | Noticed Dowan
  4877 | D:4      | Noticed Duvessa
  5347 | D:5      | Entered Level 5 of the Dungeon
  5630 | D:5      | Reached XP level 8. HP: 67/67 MP: 10/16
  5799 | D:5      | Identified the +1 robe "Fokkorim" {rF+ rCorr}
  6010 | D:5      | Reached skill level 7 in Air Magic
  6890 | D:6      | Found a bloodstained altar of Trog.
  7075 | D:6      | Reached skill level 8 in Air Magic
  7210 | D:6      | Reached XP level 9. HP: 74/74 MP: 13/19
  7539 | D:6      | Found a faded altar of an unknown god.
  7802 | D:7      | Found a shimmering altar of Xom.
  7802 | D:7      | Found an iron altar of Okawaru.
  8097 | D:7      | Reached skill level 9 in Air Magic
  8121 | D:7      | Reached **** piety under Dithmenos
  8413 | D:7      | Learned a level 4 spell: Airstrike
  8775 | D:7      | Found a staircase to the Ecumenical Temple.
  9206 | D:7      | Found a stormy altar of Qazlal.
  9215 | D:7      | Found a white marble altar of Elyvilon.
  9313 | D:8      | Noticed a hornet
  9319 | D:8      | Killed a hornet
  9320 | D:8      | Reached skill level 1 in Transmutations
  9325 | D:8      | Found a flagged portal.
  9335 | Bailey   | Entered a bailey
  9515 | Bailey   | Slain by a kobold brigand

Illustrated notes

Levels and vault maps discovered:
D:1:      shiori_shiawase, layout_basic, hellmonk_ecumenical_altar_inner_sanctum
D:2:      layout_loops_ring, serial_co_window_serial, co_window_paths_a,
          co_window_of_opportunity_a, co_window_corner_a, co_window_paths_b,
          co_window_paths_a, co_window_corner_b, co_window_corner_b,
          co_window_corner_b, co_window_corner_cb, co_window_cross_3,
          st_stairs_3
D:3:      layout_rooms, gammafunk_ghost_stat_death, serial_shops, shop,
          uniq_terence
D:4:      minmay_clustersquares, layout_basic, mainiacjoe_overflow_24_doors,
          serial_shops, shop, amethyst_killhole, uniq_duvessa, uniq_sigmund
D:5:      layout_gridville
D:6:      layout_cave_pools, trog_hazing_becter, serial_column_ruins,
          column_ruins_temple_hall, column_ruins_grid_2, column_ruins_grid_1,
          column_ruins_columns_corner, column_ruins_columns_straight,
          column_ruins_open_small
D:7:      layout_basic, mainiacjoe_overflow_swirl,
          chequers_temple_overflow_statue_of_worship, minmay_temple_entry_tees,
          dk_noncrumbling_3
D:8:      minmay_gate_of_8, layout_basic, enter_bailey_4, uniq_grum,
          uniq_psyche, uniq_maurice
Bailey:   bailey_axe_3, bailey

Skill      XL: |  1  2  3  4  5  6  7  8  9 |
---------------+----------------------------+-----
Air Magic      | 3 4 5 6 8 9 |  9.5
Spellcasting   | 3 4 5 7 8 |  8.0
Conjurations   | 1 2 3 |  3.6
Transmutations | 1 |  1.4
Dodging        | |  1.7
Stealth        | |  1.4

Action                   |  1- 3 |  4- 6 |  7- 9 || total
-------------------------+-------+-------+-------++-------
Melee: Unarmed           |    27 |       |       ||    27
       Club              |     8 |       |       ||     8
       Punch             |     1 |     2 |       ||     3
       Dagger            |       |    43 |       ||    43
       Flail             |       |     6 |     1 ||     7
       Scythe            |       |       |    92 ||    92
 Cast: Shock             |    77 |   115 |   140 ||   332
       Static Discharge  |       |     8 |    49 ||    57
  Use: Potion            |       |     2 |     4 ||     6
       Scroll            |       |     1 |       ||     1
 Stab: Sleeping          |       |       |     1 ||     1
Armor: Robe              |    13 |   106 |    80 ||   199
Dodge: Dodged            |    23 |   137 |    77 ||   237

Table legend: (Time is in decaauts)
 A = Elapsed time spent in this place.
 B = Non-inter-level travel time spent in this place.
 C = Inter-level travel time spent in this place.
 D = Time resting spent in this place.
 E = Time spent auto-exploring this place.
 F = Levels seen in this place.
 G = Mean time per level.
                   A        B        C        D        E       F      G
               +--------+--------+--------+--------+--------+-----+--------+
         Total |   9617 |   9304 |    313 |   1441 |   6399 |   9 | 1068.6 |
       Dungeon |   9431 |   9118 |    313 |   1302 |   6399 |   8 | 1178.9 |
        Bailey |    186 |    186 |      0 |    139 |      0 |   1 |  186.0 |
               +--------+--------+--------+--------+--------+-----+--------+

Top non-repeatable levels by time:
     D:3: 1524 daAuts
     D:5: 1520 daAuts
     D:7: 1511 daAuts
     D:2: 1355 daAuts
     D:4: 1335 daAuts
     D:1: 1141 daAuts
     D:6: 975 daAuts
  Bailey: 186 daAuts
     D:8: 67 daAuts
